AAA EAST
COLUMBUS CLIPPERS @ SCRANTON WB RAILRIDERS
05/12/2042
 
TOP OF THE 1ST
Columbus Clippers batting - Pitching for Scranton WB RailRiders : RHP Esteban Benítez
Pitching: RHP Esteban Benítez
Batting: RHB Orlando Cortéz 0-0: Ball
1-0: Foul Ball, location: 2F
1-1: Called Strike
1-2: Strikes out looking
Batting: RHB Tony Ávila 0-0: Ground out 4-3 (Groundball, 34D, EV 98.8 MPH)
Batting: LHB Greg Curry 0-0: Ball
1-0: Ball
2-0: Called Strike
2-1: Called Strike
2-2: Strikes out swinging
Top of the 1st over - 0 runs, 0 hits, 0 errors, 0 left on base; Columbus 0 - Scranton WB 0
BOTTOM OF THE 1ST
Scranton WB RailRiders batting - Pitching for Columbus Clippers : LHP José Valdés
Pitching: LHP José Valdés
Batting: RHB Walt Gardner 0-0: DOUBLE (Line Drive, 7LD, EV 106.9 MPH)
Batting: RHB Dave Bennett 0-0: Called Strike
0-1: Ball
1-1: Foul Ball, location: 2F
1-2: Ball
2-2: SINGLE (Line Drive, 6MD, EV 103.1 MPH)
Walt Gardner to third
Batting: SHB Rodrigo López 0-0: Ball
1-0: Called Strike
1-1: Foul Ball, location: 9LMF
1-2: SINGLE (Groundball, 6MD, EV 103.8 MPH)
Walt Gardner scores
Dave Bennett to second
Runner from 2nd tries for 3rd, SAFE, throw by CF made to third
Batting: LHB Spike Robbins 0-0: Foul Ball, location: 3FF
0-1: SINGLE (Flyball, 8RS, EV 91.9 MPH)
Dave Bennett scores
Rodrigo López to second
Batting: LHB Josh Jones 0-0: Ball
1-0: Foul Ball, location: 3F
1-1: Ball
2-1: Foul Ball, location: 2F
2-2: Fly out, F7 (Flyball, 7LM, EV 108.1 MPH)
Batting: RHB Jim Unknown 0-0: Called Strike
0-1: Called Strike
0-2: DOUBLE (Line Drive, 9LS, EV 92.5 MPH)
Rodrigo López scores
Spike Robbins to third
Runner from 3rd tries for Home, SAFE, throw by RF to home
Batting: RHB Jim Unknown 0-0: Ball
1-0: Ground out 6-3 (Groundball, 6, EV 108.8 MPH)
Batting: RHB Jim Unknown 0-0: Called Strike
0-1: Called Strike
0-2: Strikes out looking
Bottom of the 1st over - 4 runs, 5 hits, 0 errors, 1 left on base; Columbus 0 - Scranton WB 4
TOP OF THE 2ND
Columbus Clippers batting - Pitching for Scranton WB RailRiders : RHP Esteban Benítez
Batting: LHB Taizo Iida 0-0: Called Strike
0-1: Ball
1-1: Fly out, F8 (Flyball, 8LM, EV 88.8 MPH)
Batting: LHB Mike Hatfield 0-0: Called Strike
0-1: Called Strike
0-2: Foul Ball, location: 5FF
0-2: Strikes out swinging
Batting: SHB Kevin Brackett 0-0: Called Strike
0-1: Called Strike
0-2: Strikes out swinging
Top of the 2nd over - 0 runs, 0 hits, 0 errors, 0 left on base; Columbus 0 - Scranton WB 4
BOTTOM OF THE 2ND
Scranton WB RailRiders batting - Pitching for Columbus Clippers : LHP José Valdés
Batting: RHB Jim Unknown 0-0: Called Strike
0-1: Swinging Strike
0-2: Strikes out looking
Batting: RHB Walt Gardner 0-0: Called Strike
0-1: Ball
1-1: Called Strike
1-2: Foul Ball, location: 23F
1-2: Strikes out looking
Batting: RHB Dave Bennett 0-0: Ball
1-0: Called Strike
1-1: Foul Ball, location: 7LDF
1-2: SINGLE (Groundball, 34D, EV 95.0 MPH)
Batting: SHB Rodrigo López 0-0: Ball
Pickoff Throw to First - Out! 1-3
Bottom of the 2nd over - 0 runs, 1 hit, 0 errors, 0 left on base; Columbus 0 - Scranton WB 4
TOP OF THE 3RD
Columbus Clippers batting - Pitching for Scranton WB RailRiders : RHP Esteban Benítez
Batting: RHB Leith Corkum 0-0: Ball
1-0: Ball
2-0: Ball
3-0: Base on Balls
Batting: LHB Abel Brown 0-0: Foul Ball, location: 2LF
0-1: Foul Ball, location: 5SF
0-2: Ball
1-2: Ball
2-2: Foul Ball, location: 2F
2-2: 2-RUN HOME RUN (Flyball, 9D, EV 94.4 MPH), Distance : 381 ft
Batting: RHB Albert Campion 0-0: Ball
1-0: Foul Ball, location: 5F
1-1: Ball
2-1: Ground out 6-3 (Groundball, 6, EV 100.0 MPH)
Batting: RHB Orlando Cortéz 0-0: Ball
1-0: Ball
2-0: Ball
3-0: Called Strike
3-1: Foul Ball, location: 3SF
3-2: Fly out, F8 (Line Drive, 8LD, EV 95.0 MPH)
Batting: RHB Tony Ávila 0-0: Called Strike
0-1: Ball
1-1: Called Strike
1-2: Ball
2-2: Foul Ball, location: 9LMF
2-2: Foul Ball, location: 25FF
2-2: Strikes out swinging
Top of the 3rd over - 2 runs, 1 hit, 0 errors, 0 left on base; Columbus 2 - Scranton WB 4
BOTTOM OF THE 3RD
Scranton WB RailRiders batting - Pitching for Columbus Clippers : LHP José Valdés
Batting: SHB Rodrigo López 0-0: Swinging Strike
0-1: Ball
1-1: Foul Ball, location: 3SF
1-2: Ball
2-2: Ball
3-2: Base on Balls
Batting: LHB Spike Robbins 0-0: Called Strike
0-1: Foul Ball, location: 2F
0-2: Ball
1-2: Foul Ball, location: 9LDF
1-2: Foul Ball, location: 7LDF
1-2: Foul Ball, location: 7LMF
1-2: Foul Ball, location: 2F
1-2: Fly out, F9 (Flyball, 9S, EV 95.0 MPH)
Batting: LHB Josh Jones 0-0: Called Strike
0-1: Foul Ball, location: 2F
0-2: Foul Ball, location: 23F
0-2: Ball
1-2: Fly out, F9 (Line Drive, 9, EV 98.1 MPH)
Batting: RHB Jim Unknown 0-0: Ball
1-0: Foul Ball, location: 2F
1-1: Called Strike
1-2: Strikes out swinging
Bottom of the 3rd over - 0 runs, 0 hits, 0 errors, 1 left on base; Columbus 2 - Scranton WB 4
TOP OF THE 4TH
Columbus Clippers batting - Pitching for Scranton WB RailRiders : RHP Esteban Benítez
Batting: LHB Greg Curry 0-0: Ball
1-0: Called Strike
1-1: Foul Ball, location: 2F
1-2: Strikes out swinging
Batting: LHB Taizo Iida 0-0: Called Strike
0-1: Foul Ball, location: 2F
0-2: Foul Ball, location: 2F
0-2: Foul Ball, location: 2RF
0-2: Ball
1-2: Ball
2-2: Strikes out swinging, 2-3 out at first.
Batting: LHB Mike Hatfield 0-0: Foul Ball, location: 2F
0-1: Hit by Pitch
Batting: SHB Kevin Brackett 0-0: Ball
1-0: Called Strike
1-1: Ball
2-1: Foul Ball, location: 7LMF
2-2: Strikes out swinging
Top of the 4th over - 0 runs, 0 hits, 0 errors, 1 left on base; Columbus 2 - Scranton WB 4
BOTTOM OF THE 4TH
Scranton WB RailRiders batting - Pitching for Columbus Clippers : LHP José Valdés
Batting: RHB Jim Unknown 0-0: Ground out 6-3 (Groundball, 56D, EV 95.6 MPH)
Batting: RHB Jim Unknown 0-0: Fly out, F7 (Flyball, 7S, EV 82.5 MPH)
Batting: RHB Jim Unknown 0-0: Ball
1-0: Called Strike
1-1: Ball
2-1: Ball
3-1: Base on Balls
Batting: RHB Walt Gardner 0-0: Ball
1-0: Ground out 4-3 (Groundball, 4S, EV 88.8 MPH)
Bottom of the 4th over - 0 runs, 0 hits, 0 errors, 1 left on base; Columbus 2 - Scranton WB 4
TOP OF THE 5TH
Columbus Clippers batting - Pitching for Scranton WB RailRiders : RHP Esteban Benítez
Batting: RHB Leith Corkum 0-0: Ball
1-0: Called Strike
1-1: Ball
2-1: Foul Ball, location: 25FF
2-2: Fly out, F3 (Popup, 3SF, EV 79.4 MPH)
Batting: LHB Abel Brown 0-0: Ground out U3 (Groundball, 3, EV 96.9 MPH)
Batting: RHB Albert Campion 0-0: Ball
1-0: Ball
2-0: Called Strike
2-1: Called Strike
2-2: Strikes out swinging
Top of the 5th over - 0 runs, 0 hits, 0 errors, 0 left on base; Columbus 2 - Scranton WB 4
BOTTOM OF THE 5TH
Scranton WB RailRiders batting - Pitching for Columbus Clippers : LHP José Valdés
Batting: RHB Dave Bennett 0-0: Ball
1-0: Ball
2-0: Called Strike
2-1: SINGLE (Groundball, 23, EV 68.1 MPH) (infield hit)
Batting: SHB Rodrigo López 0-0: Called Strike
0-1: Foul Ball, location: 9LMF
0-2: Foul Ball, location: 9LSF
0-2: SINGLE (Groundball, 4MD, EV 99.4 MPH)
Dave Bennett to second
Batting: LHB Spike Robbins 0-0: Grounds into double play, 4-6-3 (Groundball, 4, EV 109.4 MPH)
Dave Bennett to third
Batting: LHB Josh Jones 0-0: Called Strike
0-1: Ground out 5-3 (Groundball, 56S, EV 85.0 MPH)
Bottom of the 5th over - 0 runs, 2 hits, 0 errors, 1 left on base; Columbus 2 - Scranton WB 4
TOP OF THE 6TH
Columbus Clippers batting - Pitching for Scranton WB RailRiders : RHP Esteban Benítez
Pitching: RHP Marcus Pauw
Batting: RHB Orlando Cortéz 0-0: Ball
1-0: Ground out 5-3 (Groundball, 5S, EV 85.0 MPH)
Batting: RHB Tony Ávila 0-0: Called Strike
0-1: Ball
1-1: Swinging Strike
1-2: Strikes out swinging
Batting: LHB Greg Curry 0-0: Ball
1-0: Ball
2-0: Ball
3-0: Called Strike
3-1: Called Strike
3-2: Foul Ball, location: 5F
3-2: Foul Ball, location: 23F
3-2: Foul Ball, location: 5SF
3-2: Ground out 3-1 (Groundball, 34, EV 84.4 MPH)
Top of the 6th over - 0 runs, 0 hits, 0 errors, 0 left on base; Columbus 2 - Scranton WB 4
BOTTOM OF THE 6TH
Scranton WB RailRiders batting - Pitching for Columbus Clippers : LHP José Valdés
Batting: RHB Jim Unknown 0-0: Ground out 5-3 (Groundball, 56, EV 83.8 MPH)
Batting: RHB Jim Unknown 0-0: Foul Ball, location: 2F
0-1: Swinging Strike
0-2: Strikes out looking
Batting: RHB Jim Unknown 0-0: SINGLE (Groundball, 4MD, EV 108.1 MPH)
Batting: RHB Jim Unknown 0-0: Ball
1-0: Foul Ball, location: 2F
1-1: Called Strike
1-2: Ball
2-2: Strikes out swinging
Bottom of the 6th over - 0 runs, 1 hit, 0 errors, 1 left on base; Columbus 2 - Scranton WB 4
TOP OF THE 7TH
Columbus Clippers batting - Pitching for Scranton WB RailRiders : RHP Marcus Pauw
Batting: LHB Taizo Iida 0-0: Ball
1-0: Called Strike
1-1: Ball
2-1: Ground out 5-3 (Groundball, 56, EV 86.9 MPH)
Batting: LHB Mike Hatfield 0-0: Ball
1-0: Ball
2-0: Ball
3-0: Base on Balls
Batting: SHB Kevin Brackett 0-0: Foul Ball, location: 2F
0-1: Ball
1-1: Swinging Strike
1-2: Strikes out looking
Pinch Hitting: LHB Jerry Wilson 0-0: Ball
1-0: DOUBLE (Line Drive, 89M, EV 107.5 MPH)
Mike Hatfield to third
Batting: LHB Abel Brown 0-0: Ball
1-0: Ball
2-0: Called Strike
2-1: Ball
3-1: Base on Balls
Batting: RHB Albert Campion 0-0: Ball
1-0: Called Strike
1-1: Ground out 5-3 (Groundball, 56, EV 102.5 MPH)
Top of the 7th over - 0 runs, 1 hit, 0 errors, 3 left on base; Columbus 2 - Scranton WB 4
BOTTOM OF THE 7TH
Scranton WB RailRiders batting - Pitching for Columbus Clippers : LHP José Valdés
Now at SS: Aurelio Archuleta
Batting: RHB Walt Gardner 0-0: Ball
1-0: Ball
2-0: Ball
3-0: Called Strike
3-1: Fly out, F9 (Flyball, 9, EV 91.3 MPH)
Batting: RHB Dave Bennett 0-0: Called Strike
0-1: DOUBLE (Line Drive, 9LM, EV 98.1 MPH)
Batting: SHB Rodrigo López 0-0: Intentional Walk
Batting: LHB Spike Robbins 0-0: Grounds into double play, 3-6-1 (Groundball, 3, EV 84.4 MPH)
Bottom of the 7th over - 0 runs, 1 hit, 0 errors, 1 left on base; Columbus 2 - Scranton WB 4
TOP OF THE 8TH
Columbus Clippers batting - Pitching for Scranton WB RailRiders : RHP Marcus Pauw
Batting: RHB Orlando Cortéz 0-0: Called Strike
0-1: Ball
1-1: Fly out, F8 (Flyball, 8RD, EV 103.1 MPH)
Pinch Hitting: LHB Stan Walton 0-0: Called Strike
0-1: Called Strike
0-2: Strikes out swinging
Batting: LHB Greg Curry 0-0: Called Strike
0-1: Ball
1-1: Ball
2-1: DOUBLE (Line Drive, 89XD, EV 107.5 MPH)
Batting: LHB Taizo Iida 0-0: Ball
1-0: Called Strike
1-1: Ball
2-1: Ground out 4-3 (Groundball, 34, EV 87.5 MPH)
Top of the 8th over - 0 runs, 1 hit, 0 errors, 1 left on base; Columbus 2 - Scranton WB 4
BOTTOM OF THE 8TH
Scranton WB RailRiders batting - Pitching for Columbus Clippers : LHP José Valdés
Now at 1B: Stan Walton
Now in CF: Taizo Iida
Batting: LHB Josh Jones 0-0: Called Strike
0-1: SINGLE (Groundball, 34D, EV 108.8 MPH)
Batting: RHB Jim Unknown 0-0: Sac Bunt to 15 - play at first, batter OUT! 1-3
Josh Jones to second
Batting: RHB Jim Unknown 0-0: Ball
1-0: Ball
2-0: Swinging Strike
2-1: Swinging Strike
2-2: Foul Ball, location: 5SF
2-2: Ground out U3 (Groundball, 3, EV 86.3 MPH)
Josh Jones to third
Pitching: RHP Bob Carver
Batting: RHB Jim Unknown 0-0: Ball
1-0: Called Strike
1-1: 2-RUN HOME RUN (Line Drive, 9LD, EV 95.6 MPH), Distance : 357 ft
Batting: RHB Sacco Blok 0-0: Swinging Strike
0-1: Foul Ball, location: 25F
0-2: Ball
1-2: Ball
2-2: Fly out, F9 (Flyball, 9D, EV 97.5 MPH)
Bottom of the 8th over - 2 runs, 2 hits, 0 errors, 0 left on base; Columbus 2 - Scranton WB 6
TOP OF THE 9TH
Columbus Clippers batting - Pitching for Scranton WB RailRiders : RHP Marcus Pauw
Batting: LHB Mike Hatfield 0-0: Ball
1-0: Ball
2-0: Called Strike
2-1: DOUBLE (Flyball, 8RXD, EV 91.3 MPH)
Batting: SHB Kevin Brackett 0-0: Ball
1-0: Called Strike
1-1: Called Strike
1-2: Ball
2-2: Strikes out looking
Batting: LHB Aurelio Archuleta 0-0: Called Strike
0-1: Ball
1-1: Ball
2-1: Fly out, F4 (Popup, 34S, EV 79.4 MPH)
Batting: LHB Abel Brown 0-0: Ball
1-0: Called Strike
1-1: Foul Ball, location: 7LMF
1-2: Strikes out swinging
Top of the 9th over - 0 runs, 1 hit, 0 errors, 1 left on base; Columbus 2 - Scranton WB 6
Wednesday, April 24th , 2024 - OOTP Baseball 24.10 Build 82